 Dungeon Crawl Stone Soup version 0.26.0-10-g1f06aea511 (webtiles) character file.

Game seed: 16110203744105584036

308 TrebMcFLY the Chopper (level 6, -5/47 HPs)
             Began as a Formicid Abyssal Knight on Jan 16, 2021.
             Was a Follower of Lugonu.
             Slain by a water moccasin zombie (6 damage)
             ... in an ossuary.
             The game lasted 00:07:15 (4126 turns).

TrebMcFLY the Chopper (Formicid Abyssal Knight)     Turns: 4126, Time: 00:07:15

Health: -5/47      AC:  6    Str: 19    XL:     6   Next: 68%
Magic:  8/8        EV: 10    Int: 11    God:    Lugonu [*.....]
Gold:   202        SH:  0    Dex: 10    Spells: 5/5 levels left

rFire    . . .     SeeInvis +   a - +2 hand axe
rCold    . . .     Faith    .   (no shield)
rNeg     . . .     Spirit   .   n - +0 ring mail
rPois    .         Reflect  .   (helmet unavailable)
rElec    .         Harm     .   (no cloak)
rCorr    .         Rampage  .   (no gloves)
Will     .....                  m - +0 pair of boots
Stlth    ..........             (no amulet)
HPRegen  0.15/turn              (no ring)
MPRegen  0.11/turn              (no ring)

@: no status effects
A: permanent stasis, dig shafts and tunnels, four strong arms, antennae 3
a: Dig, Renounce Religion, Depart the Abyss


You were in an ossuary.
You worshipped Lugonu.
Lugonu was aware of your devotion.
You visited 1 branch of the dungeon, and saw 4 of its levels.
You visited the Abyss 1 time.
You also visited: Ossuary.

You collected 202 gold pieces.

Inventory:

Hand Weapons
 a - a +2 hand axe (weapon)
Missiles
 b - 11 boomerangs
Armour
 m - a +0 pair of boots (worn)
 n - a +0 ring mail (worn)
Scrolls
 f - a scroll of blinking
 h - 3 scrolls of remove curse
 i - 2 scrolls of enchant weapon
 k - 3 scrolls of amnesia
Potions
 c - a potion of flight {unknown}
 d - a potion of mutation {unknown}
 e - 2 potions of ambrosia
 g - a potion of lignification {unknown}
 j - a potion of might
 l - a potion of cancellation {unknown}


   Skills:
 - Level 3.2 Fighting
 * Level 6.3 Axes
 - Level 2.1 Armour
 - Level 0.8 Dodging
 - Level 3.0 Invocations


You had 5 spell levels left.
You didn't know any spells.
Your spell library contained the following spells:

 Spells                   Type           Power        Failure   Level
 Beastly Appendage        Tmut           0%           52%         1
 Wereblood                Tmut           0%           65%         2
 Spider Form              Tmut/Pois      0%           87%         3
 Ice Form                 Ice/Tmut       0%           99%         4
 Blade Hands              Tmut           0%           100%        5


Dungeon Overview and Level Annotations

Branches:
Dungeon (4/15)            Ossuary (1/1)
 Temple: D:4-7

Altars:
Kikubaaqudgha
Sif Muna
Uskayaw
Xom


Innate Abilities, Weirdness & Mutations

You cannot be hasted, slowed, berserked, paralysed or teleported.
You can dig through walls and to a lower floor.
Your four strong arms can wield two-handed weapons with a shield.
You have a pair of large antennae on your head. (SInv)


Message History

* * * LOW HITPOINT WARNING * * *
You barely miss the water moccasin zombie.
The water moccasin zombie is severely damaged.
You hit the big kobold zombie. The water moccasin zombie bites you.
* * * LOW HITPOINT WARNING * * *
Your ring mail prevents you from hitting the water moccasin zombie.
The water moccasin zombie is severely damaged.
You closely miss the big kobold zombie. The big kobold zombie misses you.
The water moccasin zombie bites you.
* * * LOW HITPOINT WARNING * * *
You hit the water moccasin zombie.
The water moccasin zombie is severely damaged.
You hit the big kobold zombie.
The water moccasin zombie barely misses you.
The big kobold zombie hits you.
* * * LOW HITPOINT WARNING * * *
You closely miss the water moccasin zombie.
The water moccasin zombie is severely damaged.
You closely miss the big kobold zombie. The water moccasin zombie bites you.
You die...

..#...#???!# { .#
^^##### ### .# ..#
.# #'# ###'# ^.#
#.^^# ..# #..^# ..#
#.^^# .^# #ZZ^# ###
#@### ..# #...# ..#
#...# ..# #...# ..#
#...#
################'###
.^#...#.^.^#...'..^#
^^'...#^^^^#...#.^^#
^.#...'^^.^'...#^^∩#


You could see a water moccasin zombie and a big kobold zombie.

Vanquished Creatures
  2 water moccasin zombies (Ossuary)
  A hound (D:4)
  A centaur skeleton (D:4)
  A big kobold zombie (Ossuary)
  An adder (D:2)
  3 gnolls
  2 adder zombies (Ossuary)
  2 worms (D:2)
  A dart slug (D:1)
  A leopard gecko (D:2)
  3 giant cockroaches
  6 goblins
  3 hobgoblins
  5 jackals
  2 quokkas (D:2)
  3 ball pythons
  5 bats
  3 frilled lizards
  4 hobgoblin zombies (Ossuary)
  5 kobolds
  5 kobold zombies (Ossuary)
  4 orc zombies (Ossuary)
  2 quokka zombies (D:4)
  6 rats
71 creatures vanquished.

Notes
Turn   | Place    | Note
-------+----------+-------------------------------------------
     0 | Abyss:1  | TrebMcFLY the Formicid Abyssal Knight began the quest for
                  | the Orb.
     0 | Abyss:1  | Reached XP level 1. HP: 18/18 MP: 2/2
    12 | Abyss:1  | Noticed a green draconian shifter
    21 | D:1      | Escaped the Abyss
   309 | D:1      | Reached XP level 2. HP: 21/24 MP: 3/3
   401 | D:1      | Reached * piety under Lugonu
  1034 | D:1      | Reached skill level 3 in Axes
  1034 | D:1      | Reached XP level 3. HP: 11/29 MP: 5/5
  1348 | D:1      | Reached XP level 4. HP: 14/35 MP: 6/6
  1719 | D:2      | Reached skill level 4 in Axes
  3494 | D:4      | Found an ancient bone altar of Kikubaaqudgha.
  3501 | D:4      | Found a shimmering altar of Xom.
  3501 | D:4      | Found a shimmering blue altar of Sif Muna.
  3506 | D:4      | Found a hide-covered altar of Uskayaw.
  3551 | D:4      | Reached XP level 5. HP: 34/41 MP: 7/7
  3553 | D:4      | Found a sand-covered staircase.
  3566 | D:4      | Reached skill level 5 in Axes
  3613 | Ossuary  | Entered an ossuary
  3940 | Ossuary  | Reached XP level 6. HP: 29/47 MP: 8/8
  4074 | Ossuary  | Reached skill level 6 in Axes
  4125 | Ossuary  | HP: 1/47 [big kobold zombie (2)]
  4126 | Ossuary  | Slain by a water moccasin zombie

Illustrated notes

Levels and vault maps discovered:
D:1:      dpeg_arrival_refuge, layout_basic
D:2:      layout_basic
D:3:      layout_basic
D:4:      corexii_shantytown, layout_basic, minitemple,
          minmay_temple_entry_enclosed_plants, enter_ossuary_4
Ossuary:  ossuary_tomb_2

Skill      XL: |  1  2  3  4  5  6 |
---------------+-------------------+-----
Axes           | 3 4 5 6 |  6.3
Invocations    | 3 |  3.0
Fighting       | |  3.2
Armour         | |  2.1
Dodging        | |  0.8

Action                   |  1- 3 |  4- 6 || total
-------------------------+-------+-------++-------
Melee: Hand axe          |    74 |   219 ||   293
Invok: Depart the Abyss  |     1 |       ||     1
  Use: Scroll            |       |     9 ||     9
Armor: Leather armour    |    30 |    14 ||    44
       Ring mail         |       |    46 ||    46
Dodge: Dodged            |    49 |   114 ||   163
